WCHLSIM.com - West Coast Hockey League
html PUBLIC "-//W3C//DTD XHTML 1.0 Transitional//EN" "http://www.w3.org/TR/xhtml1/DTD/xhtml1-transitional.dtd"> WCHL - Game 371 - RENO LIONS vs PHOENIX MUSTANGS

RENO LIONS vs PHOENIX MUSTANGS

Created - 27 novembre 2019 at 18:38

Goals
1 2 3 OT1 SO T
RENO LIONS 1 2 0 0 0 3
PHOENIX MUSTANGS 3 0 0 0 2 4
Shots
1 2 3 OT1 SO T
RENO LIONS 3 12 6 0 2 21
PHOENIX MUSTANGS 14 10 11 0 2 35

1st period

1. PHOENIX MUSTANGS , T.J. Oshie 6 (Teuvo Teravainen 12) at 10:11
2. PHOENIX MUSTANGS , Phil Kessel 11 (Kevin Hayes 15, Alexander Steen 12) at 14:25 (PP)
3. RENO LIONS , Timo Meier 15 (William Karlsson 22, Olli Maatta 5) at 14:46
4. PHOENIX MUSTANGS , Jeff Carter 5 (Justin Faulk 4) at 19:53

Penalties :
Evgeny Dadonov (REN) for Holding (Minor) at 13:20

2nd period

5. RENO LIONS , Max Domi 5 (Elias Pettersson 17, Pierre-Luc Dubois 22) at 4:04
6. RENO LIONS , Pierre-Luc Dubois 15 (Elias Pettersson 18, Max Domi 21) at 10:07

Penalties :
Dennis Cholowski (PHX) for Holding (Minor) at 13:46, Oliver Ekman-Larsson (REN) for Holding (Minor) at 17:04

3rd period

No Goal

Penalties :
Jordie Benn (REN) for Goalie Interference (Minor) at 12:19, Blake Coleman (REN) for Roughing (Minor) at 17:18

Overtime #1

No Goal

Penalties :
No Penalty

Shootout

RENO LIONS, Elias Pettersson - Stopped by Corey Crawford
PHOENIX MUSTANGS, Nicklas Backstrom - Goal!
RENO LIONS, Max Domi - Stopped by Corey Crawford
PHOENIX MUSTANGS, Phil Kessel - Goal!

Penalties :
No Penalty

Goalie Stats

Jaroslav Halak (REN), 32 saves from 35 shots - (0,914), OTL, 13-2-1, 65:00 minutes
Corey Crawford (PHX), 18 saves from 21 shots - (0,857), W, 10-11-2, 65:00 minutes

Players Stats for RENO LIONS

Player Name              G  A  P  +/- PIM S  H  SB GA TA FO     MP     PP MP  PK MP  
------------------------------------------------------------------------------------
Adam McQuaid             0  0  0   0  0   0  0  1  0  0  0/0    14:48   0:00   4:08 
Alex Killorn             0  0  0   0  0   0  0  1  0  0  0/0     8:04   0:00   2:11 
Anders Lee               0  0  0  -1  0   1  0  0  0  0  0/1    11:41   0:35   0:00 
Blake Coleman            0  0  0  -1  2   0  2  0  0  0  3/11   13:21   0:00   2:16 
Drew Stafford            0  0  0   0  0   0  0  0  0  0  1/1     5:53   0:00   0:00 
Elias Pettersson         0  2  2   2  0   2  0  1  0  0  1/3    20:16   1:24   0:00 
Evgeny Dadonov           0  0  0   0  2   4  0  0  0  0  0/1    20:57   1:24   0:00 
Jordie Benn              0  0  0   1  2   0  4  1  0  0  0/0    21:00   1:00   2:15 
Max Domi                 1  1  2   2  0   4  1  0  0  0  8/26   18:53   1:24   0:00 
Oliver Ekman-Larsson     0  0  0   0  2   0  6  2  0  0  0/0    26:37   0:59   0:53 
Olli Maatta              0  1  1   1  0   0  0  0  0  0  0/0    22:16   1:00   2:40 
Pierre-Luc Dubois        1  1  2   2  0   3  3  0  0  0  1/2    21:50   0:35   3:46 
Robert Hagg              0  0  0   0  0   0  1  1  0  0  0/0    14:48   0:00   4:08 
Ryan Pulock              0  0  0   0  0   0  1  1  0  0  0/0    25:29   0:59   0:00 
Timo Meier               1  0  1   0  0   4  1  0  0  0  0/2    19:18   0:00   0:00 
Tomas Nosek              0  0  0   0  0   1  1  0  0  0  5/12    9:33   0:00   3:40 
Vincent Hinostroza       0  0  0  -1  0   1  0  0  0  0  0/0    11:06   0:00   0:00 
William Karlsson         0  1  1   0  0   1  2  0  0  0  7/16   22:04   0:35   2:11 

Players Stats for PHOENIX MUSTANGS

Player Name              G  A  P  +/- PIM S  H  SB GA TA FO     MP     PP MP  PK MP  
------------------------------------------------------------------------------------
Alexander Steen          0  1  1  -1  0   7  1  1  0  0  0/2    18:25   2:19   0:00 
Andrew Ladd              0  0  0   0  0   1  1  0  0  0  0/0     6:48   0:49   0:24 
Dennis Cholowski         0  0  0  -1  2   0  0  1  0  0  0/0    20:46   2:29   0:00 
Erik Karlsson            0  0  0   1  0   1  0  1  0  0  0/0    26:41   3:34   0:00 
Fredrik Claesson         0  0  0  -1  0   0  3  2  0  0  0/0    18:05   0:36   1:38 
Jake Gardiner            0  0  0  -1  0   0  0  0  0  0  0/0    21:04   2:15   1:43 
Jeff Carter              1  0  1   0  0   3  0  0  0  0  10/17  15:44   0:00   0:24 
Jesper Fast              0  0  0   0  0   2  0  1  0  0  0/1    15:33   0:49   1:35 
Justin Faulk             0  1  1  -1  0   1  1  2  0  0  0/0    20:28   4:21   0:16 
Justin Kloos             0  0  0   0  0   0  0  0  0  0  2/4     5:07   0:00   0:00 
Kevin Hayes              0  1  1  -1  0   0  2  1  0  0  16/17  19:35   2:19   0:00 
Kevin Labanc             0  0  0   0  0   0  0  0  0  0  1/4    15:33   0:49   1:35 
Michael Del Zotto        0  0  0   1  0   0  2  0  0  0  0/0    17:55   0:49   0:21 
Nicklas Backstrom        0  0  0   0  0   4  0  0  0  0  19/24  22:42   3:54   0:00 
Phil Kessel              1  0  1  -1  0   3  0  0  0  0  0/1    20:04   2:19   0:00 
T.J. Oshie               1  0  1   0  0   7  4  1  0  0  1/2    20:31   3:54   0:00 
Teuvo Teravainen         0  1  1   0  0   5  1  0  0  0  0/3    22:52   3:54   0:00 
Tomas Hyka               0  0  0   0  0   1  0  0  0  0  0/0     5:07   0:00   0:00 

3 Stars

1 - Pierre-Luc Dubois (REN)
2 - Max Domi (REN)
3 - T.J. Oshie (PHX)

Power Play

RENO LIONS - 0 on 1 Attempt(s) - 0,00%
PHOENIX MUSTANGS - 1 on 4 Attempt(s) - 25,00%

Penalty Kill

RENO LIONS - 3 on 4 Attempt(s) - 75,00% - Score 0 goal in Penalty Kill
PHOENIX MUSTANGS - 1 on 1 Attempt(s) - 100,00% - Score 0 goal in Penalty Kill

Team Stat

RENO LIONS - Hits : 22 - Faceoff Wins : 26 - Blocked Shots : 8 - Penalty Minutes : 8
PHOENIX MUSTANGS - Hits : 15 - Faceoff Wins : 49 - Blocked Shots : 10 - Penalty Minutes : 2

Official

Referees : Ben Moser and Chris Lee
Linesman : Darryl Butt and James Parker

Game Notes

No Game Note

Finance

Level 1 -- Attendance: 5308 (85,61%) -- Ticket Income 769 660 $
Level 2 -- Attendance: 5600 (100,00%) -- Ticket Income 392 000 $
Level 3 -- Attendance: 2817 (93,90%) -- Ticket Income 126 765 $
Level 4 -- Attendance: 5000 (100,00%) -- Ticket Income 175 000 $
Luxury Box -- Attendance: 1000 (100,00%) -- Ticket Income 250 000 $
Game was played at the Mustangs Palace.
Total Attendance: 19725 (94,83%)
Total Ticket Income: 1 713 425 $
Other Income: 514 028 $
Total Income: 2 227 453 $

RENO LIONS

5 vs 5 Forward 
   Center                   Left Wing                Right Wing               Time % Phy DF OF 
 1 William Karlsson         Timo Meier               Evgeny Dadonov           35     1   2  2  
 2 Max Domi                 Pierre-Luc Dubois        Elias Pettersson         35     1   2  2  
 3 Blake Coleman            Anders Lee               Vincent Hinostroza       20     1   2  2  
 4 Tomas Nosek              Alex Killorn             Drew Stafford            10     1   2  2  

5 vs 5 Defense 
   Defense                  Defense                                           Time % Phy DF OF 
 1 Ryan Pulock              Oliver Ekman-Larsson                              35     1   2  2  
 2 Olli Maatta              Jordie Benn                                       35     1   2  2  
 3 Robert Hagg              Adam McQuaid                                      20     1   2  2  
 4 Ryan Pulock              Oliver Ekman-Larsson                              10     1   2  2  

PowerPlay Forward 
   Center                   Left Wing                Right Wing               Time % Phy DF OF 
 1 Max Domi                 Evgeny Dadonov           Elias Pettersson         55     1   2  2  
 2 William Karlsson         Pierre-Luc Dubois        Anders Lee               45     1   2  2  

PowerPlay Defense
   Defense                  Defense                                           Time % Phy DF OF 
 1 Oliver Ekman-Larsson     Ryan Pulock                                       55     1   2  2  
 2 Olli Maatta              Jordie Benn                                       45     1   2  2  

Penalty Kill 4 Players Forward 
   Center                   Wing                     Time % Phy DF OF 
 1 Tomas Nosek              Pierre-Luc Dubois        55     1   2  2  
 2 William Karlsson         Alex Killorn             45     1   2  2  

Penalty Kill 4 Players Defense
   Defense                  Defense                  Time % Phy DF OF 
 1 Jordie Benn              Olli Maatta              55     1   2  2  
 2 Robert Hagg              Adam McQuaid             45     1   2  2  

Penalty Kill - 3 Players Forward 
   Forward                                           Time % Phy DF OF 
 1 Tomas Nosek                                       55     1   2  2  
 2 Pierre-Luc Dubois                                 45     1   2  2  

Penalty Kill - 3 Players Defense
   Defense                  Defense                  Time % Phy DF OF 
 1 Olli Maatta              Ryan Pulock              55     1   2  2  
 2 Jordie Benn              Robert Hagg              45     1   2  2  

4 vs 4 Forward 
   Center                   Wing                     Time % Phy DF OF 
 1 Blake Coleman            Anders Lee               55     1   2  2  
 2 Vincent Hinostroza       Alex Killorn             45     1   2  2  

4 vs 4 Defense
   Defense                  Defense                  Time % Phy DF OF 
 1 Adam McQuaid             Robert Hagg              55     1   2  2  
 2 Ryan Pulock              Oliver Ekman-Larsson     45     1   2  2  

Last Minutes Offensive
   Center                   Left Wing                Right Wing               Defense                  Defense                  
   Max Domi                 Evgeny Dadonov           Elias Pettersson         Olli Maatta              Ryan Pulock              

Last Minutes Defensive
   Center                   Left Wing                Right Wing               Defense                  Defense                  
   William Karlsson         Tomas Nosek              Timo Meier               Jordie Benn              Ryan Pulock              

Goaltenders
Starting : Jaroslav Halak           
Backup : Thomas Greiss            

Extra Forwards
Normal : Evgeny Dadonov, Elias Pettersson, Max Domi - PP : Anders Lee, Vincent Hinostroza - PK : Blake Coleman
Extra Defensemen
Normal : Oliver Ekman-Larsson, Adam McQuaid, Ryan Pulock - PP : Oliver Ekman-Larsson - PK : Jordie Benn, Olli Maatta
Penalty Shots
Elias Pettersson, Max Domi, Timo Meier, Evgeny Dadonov, Pierre-Luc Dubois
Custom OT Lines Forwards
William Karlsson, Timo Meier, Evgeny Dadonov, Elias Pettersson, Pierre-Luc Dubois, Max Domi, Anders Lee, Alex Killorn, Blake Coleman, Vincent Hinostroza
Custom OT Lines Defensemen
Oliver Ekman-Larsson, Ryan Pulock, Olli Maatta, Jordie Benn, Adam McQuaid

Scratches
Nicolas Hague (Healthy), Cale Fleury (Healthy), David Kase (Healthy), Gabriel Fortier (Healthy), Glenn Gawdin (Healthy)
Calvin Pickard (Healthy)

PHOENIX MUSTANGS

5 vs 5 Forward 
   Center                   Left Wing                Right Wing               Time % Phy DF OF 
 1 Nicklas Backstrom        Teuvo Teravainen         T.J. Oshie               37     1   2  2  
 2 Kevin Hayes              Alexander Steen          Phil Kessel              31     1   2  2  
 3 Jeff Carter              Kevin Labanc             Jesper Fast              25     1   2  2  
 4 Justin Kloos             Andrew Ladd              Tomas Hyka               7      1   2  2  

5 vs 5 Defense 
   Defense                  Defense                                           Time % Phy DF OF 
 1 Erik Karlsson            Michael Del Zotto                                 36     1   2  2  
 2 Jake Gardiner            Justin Faulk                                      31     1   2  2  
 3 Dennis Cholowski         Fredrik Claesson                                  23     1   2  2  
 4 Dennis Cholowski         Erik Karlsson                                     10     1   2  2  

PowerPlay Forward 
   Center                   Left Wing                Right Wing               Time % Phy DF OF 
 1 Nicklas Backstrom        Teuvo Teravainen         T.J. Oshie               55     1   2  2  
 2 Kevin Hayes              Alexander Steen          Phil Kessel              45     1   2  2  

PowerPlay Defense
   Defense                  Defense                                           Time % Phy DF OF 
 1 Erik Karlsson            Justin Faulk                                      55     1   2  2  
 2 Erik Karlsson            Dennis Cholowski                                  45     1   2  2  

Penalty Kill 4 Players Forward 
   Center                   Wing                     Time % Phy DF OF 
 1 Kevin Labanc             Jesper Fast              55     1   2  2  
 2 Jeff Carter              Andrew Ladd              45     1   2  2  

Penalty Kill 4 Players Defense
   Defense                  Defense                  Time % Phy DF OF 
 1 Fredrik Claesson         Dennis Cholowski         55     1   2  2  
 2 Jake Gardiner            Michael Del Zotto        45     1   2  2  

Penalty Kill - 3 Players Forward 
   Forward                                           Time % Phy DF OF 
 1 Jeff Carter                                       55     1   2  2  
 2 Kevin Hayes                                       45     1   2  2  

Penalty Kill - 3 Players Defense
   Defense                  Defense                  Time % Phy DF OF 
 1 Erik Karlsson            Justin Faulk             55     1   2  2  
 2 Jake Gardiner            Michael Del Zotto        45     1   2  2  

4 vs 4 Forward 
   Center                   Wing                     Time % Phy DF OF 
 1 Kevin Hayes              Teuvo Teravainen         55     1   2  2  
 2 Kevin Labanc             Phil Kessel              45     1   2  2  

4 vs 4 Defense
   Defense                  Defense                  Time % Phy DF OF 
 1 Erik Karlsson            Michael Del Zotto        55     1   2  2  
 2 Jake Gardiner            Dennis Cholowski         45     1   2  2  

Last Minutes Offensive
   Center                   Left Wing                Right Wing               Defense                  Defense                  
   Nicklas Backstrom        Teuvo Teravainen         Phil Kessel              Justin Faulk             Erik Karlsson            

Last Minutes Defensive
   Center                   Left Wing                Right Wing               Defense                  Defense                  
   Nicklas Backstrom        Teuvo Teravainen         Phil Kessel              Justin Faulk             Erik Karlsson            

Goaltenders
Starting : Corey Crawford           
Backup : Joonas Korpisalo         

Extra Forwards
Normal : Nicklas Backstrom, Kevin Labanc, Jesper Fast - PP : Phil Kessel, Kevin Labanc - PK : Jesper Fast
Extra Defensemen
Normal : Dennis Cholowski, Fredrik Claesson, Jake Gardiner - PP : Dennis Cholowski - PK : Fredrik Claesson, Jake Gardiner
Penalty Shots
Nicklas Backstrom, Phil Kessel, T.J. Oshie, Teuvo Teravainen, Kevin Hayes
Custom OT Lines Forwards
Nicklas Backstrom, Jeff Carter, Teuvo Teravainen, Phil Kessel, Kevin Hayes, Andrew Ladd, Alexander Steen, Kevin Labanc, Jesper Fast, T.J. Oshie
Custom OT Lines Defensemen
Erik Karlsson, Fredrik Claesson, Jake Gardiner, Justin Faulk, Dennis Cholowski

Scratches
Andrew Copp (Abdomen/Ribs Injury), Vince Pedrie (Healthy), Dan Renouf (Healthy), Gavin Bayreuther (Bruised Left Arm Injury), Michael Kapla (Healthy)
Michael Brodzinski (Healthy), Nick Lappin (Healthy), Oscar Fantenberg (Separated Left Shoulder Injury), Reece Willcox (Healthy), Riley Barber (Healthy)

% Time on Ice - RENO LIONS

Lines # - Real PCT - Wanted PCT - Time Play
Normal Forward
1 - 34% - 35% - 17:21
2 - 33% - 35% - 16:39
3 - 22% - 20% - 11:06
4 - 12% - 10% - 5:53
Normal Defense
1 - 35% - 35% - 18:03
2 - 35% - 35% - 17:46
3 - 21% - 20% - 10:40
4 - 9% - 10% - 4:30
PP Forward
1 - 71% - 55% - 1:24
2 - 29% - 45% - 0:35
PP Defense
1 - 50% - 55% - 0:59
2 - 50% - 45% - 1:00
PK Forward
1 - 69% - 55% - 4:51
2 - 31% - 45% - 2:11
PK Defense
1 - 41% - 55% - 2:54
2 - 59% - 45% - 4:08
PK3 Forward
1 - 0% - 55%
2 - 0% - 45%
PK3 Defense
1 - 0% - 55%
2 - 0% - 45%
44 Forward
1 - 0% - 55%
2 - 0% - 45%
44 Defense
1 - 0% - 55%
2 - 0% - 45%
Last Minute Offensive  - 0:00
Last Minute Defensive  - 0:00
Total
Forward - 60:00
Defense - 60:00

% Time on Ice - PHOENIX MUSTANGS

Lines # - Real PCT - Wanted PCT - Time Play
Normal Forward
1 - 33% - 37% - 16:37
2 - 32% - 31% - 16:06
3 - 26% - 25% - 13:09
4 - 10% - 7% - 5:07
Normal Defense
1 - 33% - 36% - 16:45
2 - 31% - 31% - 15:56
3 - 28% - 23% - 14:07
4 - 8% - 10% - 4:11
PP Forward
1 - 67% - 55% - 4:43
2 - 33% - 45% - 2:19
PP Defense
1 - 56% - 55% - 3:57
2 - 44% - 45% - 3:05
PK Forward
1 - 80% - 55% - 1:35
2 - 20% - 45% - 0:24
PK Defense
1 - 82% - 55% - 1:38
2 - 18% - 45% - 0:21
PK3 Forward
1 - 0% - 55%
2 - 0% - 45%
PK3 Defense
1 - 0% - 55%
2 - 0% - 45%
44 Forward
1 - 0% - 55%
2 - 0% - 45%
44 Defense
1 - 0% - 55%
2 - 0% - 45%
Last Minute Offensive  - 0:00
Last Minute Defensive  - 0:00
Total
Forward - 60:00
Defense - 60:00

Play-by-Play

1st period


0:01 of 1st period - William Karlsson wins face-off versus Nicklas Backstrom in neutral zone.
0:06 of 1st period - T.J. Oshie is hit by Timo Meier and loses puck.
0:22 of 1st period - T.J. Oshie is hit by Oliver Ekman-Larsson.
0:43 of 1st period - Evgeny Dadonov is hit by Michael Del Zotto and loses puck.
1:04 of 1st period - Shot by Elias Pettersson.
1:04 of 1st period - Stopped by Corey Crawford without a rebound.
1:05 of 1st period - Blake Coleman wins face-off versus Alexander Steen in PHOENIX MUSTANGS zone.
1:26 of 1st period - Shot by Blake Coleman.
1:26 of 1st period - Deflect By Vincent Hinostroza.
1:26 of 1st period - Shot Misses the Net.
2:06 of 1st period - Shot by Jeff Carter.
2:06 of 1st period - Shot Misses the Net.
2:08 of 1st period - Shot by Jesper Fast.
2:08 of 1st period - Stopped by Jaroslav Halak with a rebound.
2:14 of 1st period - Shot by Kevin Labanc.
2:14 of 1st period - Shot Hit the Post.
2:16 of 1st period - Shot by Fredrik Claesson.
2:16 of 1st period - Shot Misses the Net.
2:31 of 1st period - Shot by Jeff Carter.
2:31 of 1st period - Stopped by Jaroslav Halak without a rebound.
2:32 of 1st period - Justin Kloos wins face-off versus Max Domi in RENO LIONS zone.
2:47 of 1st period - Shot by Tomas Hyka.
2:47 of 1st period - Stopped by Jaroslav Halak without a rebound.
2:48 of 1st period - Tomas Nosek wins face-off versus Teuvo Teravainen in RENO LIONS zone.
3:21 of 1st period - Shot by Teuvo Teravainen.
3:21 of 1st period - Shot Misses the Net.
3:34 of 1st period - Shot by Nicklas Backstrom.
3:34 of 1st period - Stopped by Jaroslav Halak without a rebound.
3:35 of 1st period - Jeff Carter wins face-off versus Max Domi in RENO LIONS zone.
3:53 of 1st period - Icing by Jeff Carter.
3:54 of 1st period - Jeff Carter wins face-off versus Timo Meier in PHOENIX MUSTANGS zone.
4:14 of 1st period - Kevin Labanc is hit by Jordie Benn and loses puck.
4:49 of 1st period - Icing by William Karlsson.
4:50 of 1st period - William Karlsson wins face-off versus Justin Kloos in RENO LIONS zone.
5:19 of 1st period - Justin Faulk is hit by Jordie Benn and loses puck.
5:53 of 1st period - Shot by Phil Kessel.
5:53 of 1st period - Shot Blocked by Elias Pettersson.
6:12 of 1st period - Icing by Elias Pettersson.
6:13 of 1st period - Max Domi wins face-off versus Nicklas Backstrom in RENO LIONS zone.
6:59 of 1st period - Shot by Vincent Hinostroza.
6:59 of 1st period - Shot Misses the Net.
7:18 of 1st period - Icing by Robert Hagg.
7:19 of 1st period - Kevin Hayes wins face-off versus Blake Coleman in RENO LIONS zone.
7:25 of 1st period - Icing by Robert Hagg.
7:26 of 1st period - Blake Coleman wins face-off versus Alexander Steen in RENO LIONS zone.
7:31 of 1st period - Shot by Anders Lee.
7:31 of 1st period - Shot Misses the Net.
7:44 of 1st period - Shot by Kevin Hayes.
7:44 of 1st period - Shot Misses the Net.
7:50 of 1st period - Shot by Phil Kessel.
7:50 of 1st period - Shot Misses the Net.
7:52 of 1st period - Shot by Alexander Steen.
7:52 of 1st period - Stopped by Jaroslav Halak without a rebound.
7:53 of 1st period - Jeff Carter wins face-off versus Max Domi in RENO LIONS zone.
8:24 of 1st period - Shot by Jesper Fast.
8:24 of 1st period - Stopped by Jaroslav Halak without a rebound.
8:25 of 1st period - Nicklas Backstrom wins face-off versus William Karlsson in RENO LIONS zone.
8:41 of 1st period - Shot by T.J. Oshie.
8:41 of 1st period - Shot Misses the Net.
8:43 of 1st period - Shot by T.J. Oshie.
8:43 of 1st period - Stopped by Jaroslav Halak without a rebound.
8:44 of 1st period - Drew Stafford wins face-off versus Phil Kessel in RENO LIONS zone.
8:52 of 1st period - Icing by Dennis Cholowski.
8:53 of 1st period - Kevin Hayes wins face-off versus Max Domi in PHOENIX MUSTANGS zone.
8:53 of 1st period - Kevin Hayes is hit by Max Domi.
8:56 of 1st period - Icing by Phil Kessel.
8:57 of 1st period - Kevin Hayes wins face-off versus Max Domi in PHOENIX MUSTANGS zone.
9:39 of 1st period - Shot by Alexander Steen.
9:39 of 1st period - Stopped by Jaroslav Halak without a rebound.
9:40 of 1st period - Nicklas Backstrom wins face-off versus Evgeny Dadonov in RENO LIONS zone.
10:01 of 1st period - Shot by Nicklas Backstrom.
10:01 of 1st period - Shot Misses the Net.
10:11 of 1st period - Shot by T.J. Oshie.
10:11 of 1st period - Goal by T.J. Oshie - RENO LIONS : 0 - PHOENIX MUSTANGS : 1.
10:12 of 1st period - Tomas Nosek wins face-off versus Jeff Carter in neutral zone.
10:35 of 1st period - Off-side.
10:36 of 1st period - Nicklas Backstrom wins face-off versus Max Domi in neutral zone.
10:58 of 1st period - Icing by Erik Karlsson.
10:59 of 1st period - Nicklas Backstrom wins face-off versus William Karlsson in PHOENIX MUSTANGS zone.
11:01 of 1st period - Icing by T.J. Oshie.
11:02 of 1st period - William Karlsson wins face-off versus T.J. Oshie in PHOENIX MUSTANGS zone.
11:23 of 1st period - Shot by Evgeny Dadonov.
11:23 of 1st period - Stopped by Corey Crawford without a rebound.
11:24 of 1st period - Kevin Hayes wins face-off versus Max Domi in PHOENIX MUSTANGS zone.
11:24 of 1st period - Kevin Hayes is hit by Pierre-Luc Dubois.
11:36 of 1st period - Icing by Pierre-Luc Dubois.
11:37 of 1st period - Kevin Labanc wins face-off versus Max Domi in RENO LIONS zone.
12:07 of 1st period - Jeff Carter is hit by Oliver Ekman-Larsson and loses puck.
13:20 of 1st period - Minor Penalty to Evgeny Dadonov for Holding.
13:21 of 1st period - Nicklas Backstrom wins face-off versus Tomas Nosek in RENO LIONS zone.
13:30 of 1st period - Shot by Erik Karlsson.
13:30 of 1st period - Shot Blocked by Adam McQuaid.
13:32 of 1st period - Shot by Justin Faulk.
13:32 of 1st period - Stopped by Jaroslav Halak with a rebound.
14:25 of 1st period - Shot by Phil Kessel.
14:25 of 1st period - Goal by Phil Kessel - RENO LIONS : 0 - PHOENIX MUSTANGS : 2.
14:26 of 1st period - William Karlsson wins face-off versus Jeff Carter in neutral zone.
14:28 of 1st period - Timo Meier is hit by Fredrik Claesson and loses puck.
14:46 of 1st period - Shot by Timo Meier.
14:46 of 1st period - Goal by Timo Meier - RENO LIONS : 1 - PHOENIX MUSTANGS : 2.
14:47 of 1st period - Kevin Hayes wins face-off versus Elias Pettersson in neutral zone.
15:13 of 1st period - Icing by Justin Faulk.
15:14 of 1st period - Kevin Hayes wins face-off versus William Karlsson in PHOENIX MUSTANGS zone.
15:14 of 1st period - Kevin Hayes is hit by William Karlsson.
15:52 of 1st period - Shot by Teuvo Teravainen.
15:52 of 1st period - Shot Misses the Net.
16:03 of 1st period - William Karlsson is hit by Michael Del Zotto and loses puck.
16:10 of 1st period - William Karlsson is hit by T.J. Oshie and loses puck.
16:46 of 1st period - Shot by Jeff Carter.
16:46 of 1st period - Shot Misses the Net.
16:48 of 1st period - Shot by Kevin Labanc.
16:48 of 1st period - Shot Misses the Net.
16:50 of 1st period - Shot by Dennis Cholowski.
16:50 of 1st period - Deflect By Jeff Carter.
16:50 of 1st period - Stopped by Jaroslav Halak without a rebound.
16:51 of 1st period - Justin Kloos wins face-off versus Blake Coleman in RENO LIONS zone.
16:51 of 1st period - Tomas Hyka is hit by Oliver Ekman-Larsson and loses puck.
17:48 of 1st period - Shot by Max Domi.
17:48 of 1st period - Deflect By Pierre-Luc Dubois.
17:48 of 1st period - Shot Misses the Net.
17:50 of 1st period - Shot by Pierre-Luc Dubois.
17:50 of 1st period - Shot Hit the Post.
18:02 of 1st period - Shot by Elias Pettersson.
18:02 of 1st period - Shot Misses the Net.
18:10 of 1st period - Shot by Pierre-Luc Dubois.
18:10 of 1st period - Shot Misses the Net.
19:29 of 1st period - Shot by Teuvo Teravainen.
19:29 of 1st period - Stopped by Jaroslav Halak without a rebound.
19:30 of 1st period - Jeff Carter wins face-off versus Blake Coleman in RENO LIONS zone.
19:53 of 1st period - Shot by Jeff Carter.
19:53 of 1st period - Goal by Jeff Carter - RENO LIONS : 1 - PHOENIX MUSTANGS : 3.
19:54 of 1st period - Kevin Hayes wins face-off versus Max Domi in neutral zone.
Goals for this period are 1 for RENO LIONS vs 3 for PHOENIX MUSTANGS.
Shots for this period are 3 for RENO LIONS vs 14 for PHOENIX MUSTANGS.

2nd period


0:01 of 2nd period - Nicklas Backstrom wins face-off versus William Karlsson in neutral zone.
0:04 of 2nd period - William Karlsson is hit by T.J. Oshie and loses puck.
0:38 of 2nd period - Shot by Erik Karlsson.
0:38 of 2nd period - Shot Blocked by Oliver Ekman-Larsson.
1:59 of 2nd period - Shot by Anders Lee.
1:59 of 2nd period - Shot Misses the Net.
2:37 of 2nd period - Shot by Alex Killorn.
2:37 of 2nd period - Shot Blocked by Dennis Cholowski.
2:39 of 2nd period - Shot by Tomas Nosek.
2:39 of 2nd period - Stopped by Corey Crawford without a rebound.
2:40 of 2nd period - William Karlsson wins face-off versus Justin Kloos in PHOENIX MUSTANGS zone.
3:25 of 2nd period - Shot by Evgeny Dadonov.
3:25 of 2nd period - Stopped by Corey Crawford with a rebound.
3:37 of 2nd period - Shot by Elias Pettersson.
3:37 of 2nd period - Stopped by Corey Crawford without a rebound.
3:38 of 2nd period - Nicklas Backstrom wins face-off versus Max Domi in PHOENIX MUSTANGS zone.
3:38 of 2nd period - Nicklas Backstrom is hit by Pierre-Luc Dubois.
4:04 of 2nd period - Shot by Max Domi.
4:04 of 2nd period - Goal by Max Domi - RENO LIONS : 2 - PHOENIX MUSTANGS : 3.
4:05 of 2nd period - Jeff Carter wins face-off versus Anders Lee in neutral zone.
4:17 of 2nd period - Erik Karlsson is hit by Blake Coleman and loses puck.
4:43 of 2nd period - Shot by Anders Lee.
4:43 of 2nd period - Shot Misses the Net.
4:54 of 2nd period - Icing by Erik Karlsson.
4:55 of 2nd period - Jeff Carter wins face-off versus Max Domi in PHOENIX MUSTANGS zone.
4:55 of 2nd period - Erik Karlsson is hit by Pierre-Luc Dubois.
4:58 of 2nd period - Kevin Labanc is hit by Oliver Ekman-Larsson and loses puck.
5:02 of 2nd period - Icing by Elias Pettersson.
5:03 of 2nd period - Nicklas Backstrom wins face-off versus Max Domi in RENO LIONS zone.
5:03 of 2nd period - Nicklas Backstrom is hit by Oliver Ekman-Larsson.
5:05 of 2nd period - Shot by Teuvo Teravainen.
5:05 of 2nd period - Shot Misses the Net.
5:08 of 2nd period - Icing by Ryan Pulock.
5:09 of 2nd period - Pierre-Luc Dubois wins face-off versus Nicklas Backstrom in RENO LIONS zone.
5:13 of 2nd period - Max Domi is hit by T.J. Oshie and loses puck.
5:20 of 2nd period - Icing by Pierre-Luc Dubois.
5:21 of 2nd period - Kevin Hayes wins face-off versus Max Domi in RENO LIONS zone.
5:21 of 2nd period - Kevin Hayes is hit by Ryan Pulock.
5:37 of 2nd period - Shot by Max Domi.
5:37 of 2nd period - Stopped by Corey Crawford with a rebound.
5:39 of 2nd period - Shot by Pierre-Luc Dubois.
5:39 of 2nd period - Shot Misses the Net.
5:41 of 2nd period - Shot by Pierre-Luc Dubois.
5:41 of 2nd period - Stopped by Corey Crawford with a rebound.
6:18 of 2nd period - Alexander Steen is hit by Jordie Benn and loses puck.
6:27 of 2nd period - William Karlsson is hit by Kevin Hayes and loses puck.
6:43 of 2nd period - Shot by Evgeny Dadonov.
6:43 of 2nd period - Shot Misses the Net.
6:51 of 2nd period - Shot by Evgeny Dadonov.
6:51 of 2nd period - Stopped by Corey Crawford without a rebound.
6:52 of 2nd period - Nicklas Backstrom wins face-off versus Tomas Nosek in PHOENIX MUSTANGS zone.
7:05 of 2nd period - Shot by T.J. Oshie.
7:05 of 2nd period - Shot Blocked by Robert Hagg.
7:37 of 2nd period - Shot by Teuvo Teravainen.
7:37 of 2nd period - Deflect By T.J. Oshie.
7:37 of 2nd period - Stopped by Jaroslav Halak without a rebound.
7:38 of 2nd period - Jeff Carter wins face-off versus William Karlsson in RENO LIONS zone.
8:03 of 2nd period - Shot by Evgeny Dadonov.
8:03 of 2nd period - Shot Blocked by Justin Faulk.
8:57 of 2nd period - Shot by Tomas Hyka.
8:57 of 2nd period - Shot Misses the Net.
9:03 of 2nd period - Shot by Andrew Ladd.
9:03 of 2nd period - Stopped by Jaroslav Halak without a rebound.
9:04 of 2nd period - Nicklas Backstrom wins face-off versus Blake Coleman in RENO LIONS zone.
9:27 of 2nd period - Shot by T.J. Oshie.
9:27 of 2nd period - Stopped by Jaroslav Halak without a rebound.
9:28 of 2nd period - Kevin Hayes wins face-off versus Max Domi in RENO LIONS zone.
10:05 of 2nd period - Shot by Elias Pettersson.
10:05 of 2nd period - Shot Misses the Net.
10:07 of 2nd period - Shot by Pierre-Luc Dubois.
10:07 of 2nd period - Goal by Pierre-Luc Dubois - RENO LIONS : 3 - PHOENIX MUSTANGS : 3.
10:08 of 2nd period - Nicklas Backstrom wins face-off versus William Karlsson in neutral zone.
10:31 of 2nd period - Timo Meier is hit by Teuvo Teravainen and loses puck.
10:53 of 2nd period - Shot by Nicklas Backstrom.
10:53 of 2nd period - Stopped by Jaroslav Halak without a rebound.
10:54 of 2nd period - Jeff Carter wins face-off versus Max Domi in RENO LIONS zone.
10:54 of 2nd period - Kevin Labanc is hit by Robert Hagg and loses puck.
11:16 of 2nd period - Max Domi is hit by Fredrik Claesson and loses puck.
11:52 of 2nd period - Icing by Jordie Benn.
11:53 of 2nd period - Nicklas Backstrom wins face-off versus Blake Coleman in RENO LIONS zone.
12:29 of 2nd period - Shot by Anders Lee.
12:29 of 2nd period - Shot Blocked by T.J. Oshie.
13:41 of 2nd period - Off-side.
13:42 of 2nd period - Max Domi wins face-off versus Jeff Carter in neutral zone.
13:46 of 2nd period - Minor Penalty to Dennis Cholowski for Holding.
13:47 of 2nd period - Max Domi wins face-off versus Kevin Labanc in PHOENIX MUSTANGS zone.
13:58 of 2nd period - Shot by Evgeny Dadonov.
13:58 of 2nd period - Stopped by Corey Crawford without a rebound.
13:59 of 2nd period - Elias Pettersson wins face-off versus Jesper Fast in PHOENIX MUSTANGS zone.
14:00 of 2nd period - Shot by Max Domi.
14:00 of 2nd period - Shot Blocked by Jesper Fast.
14:06 of 2nd period - Shot by Elias Pettersson.
14:06 of 2nd period - Shot Misses the Net.
14:08 of 2nd period - Shot by Oliver Ekman-Larsson.
14:08 of 2nd period - Shot Blocked by Fredrik Claesson.
14:10 of 2nd period - Shot by Max Domi.
14:10 of 2nd period - Stopped by Corey Crawford without a rebound.
14:11 of 2nd period - William Karlsson wins face-off versus Kevin Labanc in PHOENIX MUSTANGS zone.
14:23 of 2nd period - William Karlsson is hit by Fredrik Claesson and loses puck.
14:45 of 2nd period - Shot by William Karlsson.
14:45 of 2nd period - Stopped by Corey Crawford without a rebound.
14:46 of 2nd period - Max Domi wins face-off versus Jeff Carter in PHOENIX MUSTANGS zone.
14:53 of 2nd period - Shot by Max Domi.
14:53 of 2nd period - Stopped by Corey Crawford without a rebound.
14:54 of 2nd period - Max Domi wins face-off versus Jeff Carter in PHOENIX MUSTANGS zone.
15:12 of 2nd period - Icing by Olli Maatta.
15:13 of 2nd period - Max Domi wins face-off versus Kevin Labanc in RENO LIONS zone.
15:30 of 2nd period - Shot by Jesper Fast.
15:30 of 2nd period - Shot Misses the Net.
15:40 of 2nd period - Shot by Kevin Labanc.
15:40 of 2nd period - Deflect By Jesper Fast.
15:40 of 2nd period - Shot Misses the Net.
15:51 of 2nd period - Ryan Pulock is hit by Alexander Steen and loses puck.
16:42 of 2nd period - Shot by T.J. Oshie.
16:42 of 2nd period - Shot Hit the Post.
16:44 of 2nd period - Shot by Teuvo Teravainen.
16:44 of 2nd period - Shot Blocked by Oliver Ekman-Larsson.
17:04 of 2nd period - Minor Penalty to Oliver Ekman-Larsson for Holding.
17:05 of 2nd period - Blake Coleman wins face-off versus Nicklas Backstrom in RENO LIONS zone.
17:22 of 2nd period - Shot by T.J. Oshie.
17:22 of 2nd period - Shot Hit the Post.
17:24 of 2nd period - Shot by Teuvo Teravainen.
17:24 of 2nd period - Stopped by Jaroslav Halak with a rebound.
17:26 of 2nd period - Shot by T.J. Oshie.
17:26 of 2nd period - Stopped by Jaroslav Halak without a rebound.
17:27 of 2nd period - Kevin Hayes wins face-off versus Blake Coleman in RENO LIONS zone.
17:34 of 2nd period - Shot by Erik Karlsson.
17:34 of 2nd period - Shot Misses the Net.
17:40 of 2nd period - Shot by Alexander Steen.
17:40 of 2nd period - Stopped by Jaroslav Halak with a rebound.
17:42 of 2nd period - Shot by Alexander Steen.
17:42 of 2nd period - Stopped by Jaroslav Halak without a rebound.
17:43 of 2nd period - Nicklas Backstrom wins face-off versus William Karlsson in RENO LIONS zone.
18:12 of 2nd period - Shot by Teuvo Teravainen.
18:12 of 2nd period - Stopped by Jaroslav Halak with a rebound.
19:04 of 2nd period - Shot by Phil Kessel.
19:04 of 2nd period - Stopped by Jaroslav Halak without a rebound.
19:05 of 2nd period - William Karlsson wins face-off versus Jeff Carter in RENO LIONS zone.
Goals for this period are 2 for RENO LIONS vs 0 for PHOENIX MUSTANGS.
Shots for this period are 12 for RENO LIONS vs 10 for PHOENIX MUSTANGS.

3rd period


0:01 of 3rd period - Nicklas Backstrom wins face-off versus Max Domi in neutral zone.
0:03 of 3rd period - Erik Karlsson is hit by Jordie Benn and loses puck.
0:12 of 3rd period - Shot by Nicklas Backstrom.
0:12 of 3rd period - Stopped by Jaroslav Halak with a rebound.
0:14 of 3rd period - Shot by Teuvo Teravainen.
0:14 of 3rd period - Stopped by Jaroslav Halak with a rebound.
0:23 of 3rd period - Icing by Pierre-Luc Dubois.
0:24 of 3rd period - Kevin Hayes wins face-off versus Elias Pettersson in RENO LIONS zone.
0:34 of 3rd period - Icing by Olli Maatta.
0:35 of 3rd period - Max Domi wins face-off versus Nicklas Backstrom in RENO LIONS zone.
1:00 of 3rd period - Shot by Elias Pettersson.
1:00 of 3rd period - Shot Blocked by Justin Faulk.
2:31 of 3rd period - Shot by William Karlsson.
2:31 of 3rd period - Shot Blocked by Erik Karlsson.
2:41 of 3rd period - Shot by Timo Meier.
2:41 of 3rd period - Shot Blocked by Alexander Steen.
3:05 of 3rd period - Shot by Anders Lee.
3:05 of 3rd period - Stopped by Corey Crawford without a rebound.
3:06 of 3rd period - Nicklas Backstrom wins face-off versus Tomas Nosek in PHOENIX MUSTANGS zone.
3:06 of 3rd period - Nicklas Backstrom is hit by Tomas Nosek.
3:17 of 3rd period - Icing by Adam McQuaid.
3:18 of 3rd period - Tomas Nosek wins face-off versus Jeff Carter in RENO LIONS zone.
3:41 of 3rd period - Shot by Alex Killorn.
3:41 of 3rd period - Shot Misses the Net.
4:32 of 3rd period - Shot by Timo Meier.
4:32 of 3rd period - Stopped by Corey Crawford without a rebound.
4:33 of 3rd period - Max Domi wins face-off versus Teuvo Teravainen in PHOENIX MUSTANGS zone.
4:33 of 3rd period - Elias Pettersson is hit by Justin Faulk and loses puck.
4:45 of 3rd period - Max Domi is hit by T.J. Oshie and loses puck.
5:08 of 3rd period - Shot by T.J. Oshie.
5:08 of 3rd period - Stopped by Jaroslav Halak with a rebound.
5:57 of 3rd period - Icing by Alexander Steen.
5:58 of 3rd period - Kevin Hayes wins face-off versus Timo Meier in PHOENIX MUSTANGS zone.
6:02 of 3rd period - Erik Karlsson is hit by William Karlsson and loses puck.
6:31 of 3rd period - Shot by Timo Meier.
6:31 of 3rd period - Stopped by Corey Crawford with a rebound.
6:33 of 3rd period - Shot by Timo Meier.
6:33 of 3rd period - Stopped by Corey Crawford without a rebound.
6:34 of 3rd period - Jeff Carter wins face-off versus Max Domi in PHOENIX MUSTANGS zone.
6:52 of 3rd period - Shot by Pierre-Luc Dubois.
6:52 of 3rd period - Stopped by Corey Crawford without a rebound.
6:53 of 3rd period - T.J. Oshie wins face-off versus Blake Coleman in PHOENIX MUSTANGS zone.
6:59 of 3rd period - Teuvo Teravainen is hit by Oliver Ekman-Larsson and loses puck.
7:21 of 3rd period - Shot by Vincent Hinostroza.
7:21 of 3rd period - Stopped by Corey Crawford without a rebound.
7:22 of 3rd period - Kevin Hayes wins face-off versus Pierre-Luc Dubois in PHOENIX MUSTANGS zone.
7:51 of 3rd period - Shot by Erik Karlsson.
7:51 of 3rd period - Shot Misses the Net.
7:53 of 3rd period - Shot by Alexander Steen.
7:53 of 3rd period - Stopped by Jaroslav Halak with a rebound.
7:55 of 3rd period - Shot by Erik Karlsson.
7:55 of 3rd period - Stopped by Jaroslav Halak with a rebound.
7:57 of 3rd period - Shot by Alexander Steen.
7:57 of 3rd period - Stopped by Jaroslav Halak without a rebound.
7:58 of 3rd period - Nicklas Backstrom wins face-off versus William Karlsson in RENO LIONS zone.
8:01 of 3rd period - Shot by Teuvo Teravainen.
8:01 of 3rd period - Shot Misses the Net.
8:31 of 3rd period - Shot by T.J. Oshie.
8:31 of 3rd period - Shot Misses the Net.
8:33 of 3rd period - Shot by Teuvo Teravainen.
8:33 of 3rd period - Deflect By Nicklas Backstrom.
8:33 of 3rd period - Shot Misses the Net.
8:35 of 3rd period - Shot by Teuvo Teravainen.
8:35 of 3rd period - Shot Misses the Net.
12:08 of 3rd period - Shot by Nicklas Backstrom.
12:08 of 3rd period - Shot Misses the Net.
12:14 of 3rd period - Shot by Nicklas Backstrom.
12:14 of 3rd period - Shot Misses the Net.
12:19 of 3rd period - Minor Penalty to Jordie Benn for Goalie Interference.
12:20 of 3rd period - Kevin Hayes wins face-off versus Tomas Nosek in RENO LIONS zone.
13:17 of 3rd period - Shot by Teuvo Teravainen.
13:17 of 3rd period - Stopped by Jaroslav Halak with a rebound.
13:19 of 3rd period - Shot by Teuvo Teravainen.
13:19 of 3rd period - Shot Misses the Net.
13:25 of 3rd period - Shot by Nicklas Backstrom.
13:25 of 3rd period - Stopped by Jaroslav Halak with a rebound.
13:27 of 3rd period - Shot by Teuvo Teravainen.
13:27 of 3rd period - Shot Blocked by Alex Killorn.
13:39 of 3rd period - Shot by T.J. Oshie.
13:39 of 3rd period - Stopped by Jaroslav Halak without a rebound.
13:40 of 3rd period - Kevin Hayes wins face-off versus Tomas Nosek in RENO LIONS zone.
13:41 of 3rd period - Shot by Phil Kessel.
13:41 of 3rd period - Stopped by Jaroslav Halak without a rebound.
13:42 of 3rd period - Tomas Nosek wins face-off versus Kevin Hayes in RENO LIONS zone.
14:08 of 3rd period - Shot by Alexander Steen.
14:08 of 3rd period - Stopped by Jaroslav Halak without a rebound.
14:09 of 3rd period - Nicklas Backstrom wins face-off versus Tomas Nosek in RENO LIONS zone.
14:23 of 3rd period - Off-side.
14:24 of 3rd period - Nicklas Backstrom wins face-off versus Blake Coleman in neutral zone.
14:42 of 3rd period - Off-side.
14:43 of 3rd period - Kevin Hayes wins face-off versus Max Domi in neutral zone.
14:46 of 3rd period - Shot by Alexander Steen.
14:46 of 3rd period - Shot Misses the Net.
14:56 of 3rd period - Shot by Phil Kessel.
14:56 of 3rd period - Shot Misses the Net.
15:31 of 3rd period - Max Domi is hit by Kevin Hayes and loses puck.
15:57 of 3rd period - Shot by Timo Meier.
15:57 of 3rd period - Shot Blocked by Kevin Hayes.
17:18 of 3rd period - Minor Penalty to Blake Coleman for Roughing.
17:19 of 3rd period - Tomas Nosek wins face-off versus Teuvo Teravainen in RENO LIONS zone.
17:31 of 3rd period - Icing by Teuvo Teravainen.
17:32 of 3rd period - Nicklas Backstrom wins face-off versus Tomas Nosek in PHOENIX MUSTANGS zone.
17:43 of 3rd period - Shot by T.J. Oshie.
17:43 of 3rd period - Shot Blocked by Jordie Benn.
18:36 of 3rd period - Alex Killorn is hit by Andrew Ladd and loses puck.
18:49 of 3rd period - Shot by Kevin Labanc.
18:49 of 3rd period - Shot Hit the Post.
19:34 of 3rd period - Shot by Blake Coleman.
19:34 of 3rd period - Shot Misses the Net.
19:54 of 3rd period - Justin Faulk is hit by Blake Coleman.
Goals for this period are 0 for RENO LIONS vs 0 for PHOENIX MUSTANGS.
Shots for this period are 6 for RENO LIONS vs 11 for PHOENIX MUSTANGS.

Overtime #1


0:01 of 1st overtime period - Jeff Carter wins face-off versus William Karlsson in neutral zone.
0:23 of 1st overtime period - Shot by Nicklas Backstrom.
0:23 of 1st overtime period - Shot Misses the Net.
1:06 of 1st overtime period - Shot by Elias Pettersson.
1:06 of 1st overtime period - Shot Misses the Net.
1:14 of 1st overtime period - Shot by Evgeny Dadonov.
1:14 of 1st overtime period - Shot Blocked by Fredrik Claesson.
2:24 of 1st overtime period - Shot by Andrew Ladd.
2:24 of 1st overtime period - Shot Misses the Net.
3:30 of 1st overtime period - Shot by Max Domi.
3:30 of 1st overtime period - Shot Misses the Net.
4:09 of 1st overtime period - Shot by Teuvo Teravainen.
4:09 of 1st overtime period - Shot Misses the Net.
4:57 of 1st overtime period - Shot by Kevin Hayes.
4:57 of 1st overtime period - Shot Blocked by Ryan Pulock.
Goals for this period are 0 for RENO LIONS vs 0 for PHOENIX MUSTANGS.
Shots for this period are 0 for RENO LIONS vs 0 for PHOENIX MUSTANGS.

ShootOut


5:00 of 1st overtime period - Round #1.
5:00 of 1st overtime period - RENO LIONS, Elias Pettersson.
5:00 of 1st overtime period - Stopped by Corey Crawford.
5:00 of 1st overtime period - PHOENIX MUSTANGS, Nicklas Backstrom.
5:00 of 1st overtime period - Goal by Nicklas Backstrom.
5:00 of 1st overtime period - Round #2.
5:00 of 1st overtime period - RENO LIONS, Max Domi.
5:00 of 1st overtime period - Stopped by Corey Crawford.
5:00 of 1st overtime period - PHOENIX MUSTANGS, Phil Kessel.
5:00 of 1st overtime period - Goal by Phil Kessel.
5:00 of 1st overtime period - Round #3.


SEBASTIAN
AHO
MARK
SCHEIFELE
JAKE
OETTINGER

EAST COAST

HOCKEY LEAGUE

  • 17.QUE3CHI2
  • 18.CHA2LIM4
  • 19.TRV3LON2
  • 20.CHW1BAL2
  • 21.PITMAN
  • 22.ATLNHW
  • 23.WORPET
  • 24.RHI